 Dungeon Crawl Stone Soup version 0.20.0-10-g0535bb4 (webtiles) character file.

221 Gorglomux the Vandal (level 6, -1/39 HPs)
             Began as a Halfling Air Elementalist on June 7, 2017.
             Slain by dscm's ghost (4 damage)
             ... on level 3 of the Dungeon.
             The game lasted 00:05:39 (3093 turns).

Gorglomux the Vandal (Halfling Air Elementalist)    Turns: 3093, Time: 00:05:39

Health: -1/39      AC:  3    Str:  9    XL:     6   Next: 18%
Magic:  17/17      EV: 16    Int: 13    God:
Gold:   129        SH:  0    Dex: 17    Spells: 7/8 levels left

rFire    . . .     SeeInvis .   f - +0 whip
rCold    . . .     Gourm    .   (shield restricted)
rNeg     . . .     Faith    .   a - +0 robe
rPois    .         Spirit   .   (no helmet)
rElec    .         Reflect  .   (no cloak)
rCorr    .         Harm     .   (no gloves)
MR       .....                  p - +0 pair of boots
Stlth    ++........             (no amulet)
Regen    0.2/turn               h - ring of magical power
MPRegen  0.2/turn               (no ring)

@: no status effects
A: mutation resistance 1
a: no special abilities


You were on level 3 of the Dungeon.
You were not hungry.

You visited 1 branch of the dungeon, and saw 3 of its levels.

You collected 129 gold pieces.

Inventory:

Hand Weapons
 f - a +0 whip (weapon)
 j - a +0 hunting sling
Missiles
 e - 105 stones (quivered)
Armour
 a - a +0 robe (worn)
 p - a +0 pair of boots (worn)
Jewellery
 h - a ring of magical power (left hand)
Scrolls
 d - 2 scrolls of teleportation {unknown}
 i - 7 scrolls of identify {unknown}
 k - 2 scrolls of enchant weapon {unknown}
 l - a scroll of recharging {unknown}
 m - a scroll of enchant armour {unknown}
 s - 2 scrolls of immolation {unknown}
Potions
 q - a potion of mutation {unknown}
Books
 b - a book of Air

   Spells                             Type                      Level
   a - Shock                          Conjuration/Air              1
   b - Swiftness                      Charms/Air                   2
   c - Static Discharge               Conjuration/Air              3
   d - Airstrike                      Air                          4
   e - Lightning Bolt                 Conjuration/Air              5
Comestibles
 c - 2 bread rations
 r - 4 chunks of flesh


   Skills:
 - Level 1.7 Fighting
 + Level 6.6 Slings
 - Level 3.1 Dodging
 - Level 2.1 Stealth
 - Level 1.5 Spellcasting
 - Level 0.7 Conjurations
 - Level 3.0 Air Magic


You had 7 spell levels left.
You knew the following spells:

 Your Spells              Type           Power        Failure   Level  Hunger
a - Shock                 Conj/Air       #...         12%         1    ##.....


Dungeon Overview and Level Annotations

Branches:
Dungeon (3/15)

Altars:
Gozag
Nemelex Xobeh
Qazlal
Vehumet
Yredelemnul

Annotations:
D:3 dscm's ghost, weakling FeIE


Innate Abilities, Weirdness & Mutations

You are small and have problems with some larger weapons.
You are somewhat resistant to further mutation.


Message History

Dscm's ghost is moderately damaged.
Dscm's ghost stares at you and mumbles some strange words.
You are frozen.
* * * LOW HITPOINT WARNING * * *
An orc comes into view. It is wielding a club.
Your extra speed is starting to run out. 2 orcs come into view.
The orc shouts!
The orc moves out of view.
An orc wizard comes into view. It is wielding a dagger.
An orc comes into view. It is wielding a whip.
The orc shouts!
The orc shouts!
The orc shouts!
You feel yourself slow down.
The orc wizard shouts!
Dscm's ghost barely misses you.
There is a stone staircase leading up here.
Dscm's ghost hits you.
You die...

#......<..#.........#.##
#.........#...#####.#..
#............#...##...#
##.............#.##.#.# ..
#..........####.##...# ..
#..................####### ..
#...............#......... ...
#######.......###...#######...
#......@#.....##....#...
##......W#.#...##....#...
#......#.#.....##....#..(
#......#o###.####....#...
#......#.# #รท# #....#.(.
#......#o###'####....#...
#......#.o...o...........
#......#.....o.o.........
########.......o.........


You could see dscm's ghost and 3 orcs.

Vanquished Creatures
  Natasha (thrice) (D:2)
  4 gnolls (D:2)
  2 adders (D:3)
  A worm (D:2)
  3 dart slugs
  4 leopard geckos
  An orc (D:2)
  8 bats
  3 giant cockroaches
  6 goblins
  8 hobgoblins
  11 jackals
  9 kobolds
  A quokka (D:2)
  7 frilled lizards
  8 rats
79 creatures vanquished.

Notes
Turn   | Place    | Note
-------+----------+-------------------------------------------
     0 | D:1      | Gorglomux the Halfling Air Elementalist began the quest for the Orb.
     0 | D:1      | Reached XP level 1. HP: 11/11 MP: 3/3
   184 | D:1      | Reached XP level 2. HP: 18/18 MP: 0/4
   187 | D:1      | Reached skill level 1 in Fighting
   361 | D:1      | Reached XP level 3. HP: 20/23 MP: 2/5
   645 | D:1      | Reached skill level 3 in Dodging
   742 | D:1      | Found a sparkling altar of Nemelex Xobeh.
   826 | D:1      | Reached skill level 1 in Slings
  1083 | D:2      | Reached XP level 4. HP: 24/29 MP: 6/6
  1119 | D:2      | Reached skill level 2 in Slings
  1353 | D:2      | Noticed Natasha
  1362 | D:2      | Killed Natasha
  1362 | D:2      | Reached skill level 3 in Slings
  1465 | D:2      | Reached skill level 4 in Slings
  1465 | D:2      | Reached XP level 5. HP: 24/34 MP: 4/7
  1469 | D:2      | Reached skill level 5 in Slings
  1670 | D:2      | Found a faded altar of an unknown god.
  1833 | D:2      | Found a sparkling altar of Nemelex Xobeh.
  1834 | D:2      | Found an opulent altar of Gozag.
  1852 | D:2      | Noticed Natasha
  1862 | D:2      | Killed Natasha
  2155 | D:2      | Found a basalt altar of Yredelemnul.
  2155 | D:2      | Found a radiant altar of Vehumet.
  2185 | D:2      | Noticed Natasha
  2203 | D:2      | Killed Natasha
  2203 | D:2      | Reached skill level 6 in Slings
  2203 | D:2      | Reached XP level 6. HP: 15/39 MP: 8/8
  2618 | D:3      | Noticed dscm's ghost (weakling FeIE)
  2990 | D:3      | Found a stormy altar of Qazlal.
  3070 | D:3      | HP: 1/39 [dscm's ghost/Freeze (8)]
  3093 | D:3      | Slain by dscm's ghost

Skill      XL: |  1  2  3  4  5 |
---------------+----------------+-----
Fighting       | 1 |  1.7
Dodging        | 3 |  3.1
Slings         | 1 4 6 |  6.6
Stealth        | |  2.1
Spellcasting   | |  1.5
Conjurations   | |  0.7
Air Magic      | |  3.0

Action                   |  1- 3 |  4- 6 || total
-------------------------+-------+-------++-------
Melee: Unarmed           |    12 |       ||    12
       Whip              |    37 |     4 ||    41
 Fire: Hunting sling     |    33 |   202 ||   235
 Cast: Shock             |    43 |    11 ||    54
  Use: Potion            |       |     1 ||     1
  Eat: Chunk             |     2 |     6 ||     8
Armor: Robe              |     8 |     7 ||    15
Dodge: Dodged            |    68 |    79 ||   147
